 Dungeon Crawl Stone Soup version 0.24-a0-458-gfcb5e6da0e (webtiles) character file.

Game seed: 729779336015104142

252 Ijustatesigmund the Skirmisher (level 6, -7/66 HPs)
             Began as an Ogre Fighter on June 27, 2019.
             Mangled by a hippogriff (9 damage)
             ... on level 4 of the Dungeon.
             The game lasted 00:06:10 (4322 turns).

Ijustatesigmund the Skirmisher (Ogre Fighter)       Turns: 4322, Time: 00:06:10

Health: -7/66      AC:  4    Str: 21    XL:     6   Next: 14%
Magic:  6/6        EV: 10    Int:  9    God:
Gold:   73         SH:  8    Dex: 12    Spells: 5/5 levels left

rFire    . . .     SeeInvis .   a - +0 flail
rCold    . . .     Gourm    .   c - +0 shield
rNeg     . . .     Faith    .   b - +1 robe
rPois    .         Spirit   .   (helmet restricted)
rElec    .         Reflect  .   (no cloak)
rCorr    .         Harm     .   (gloves unavailable)
MR       +....                  (boots unavailable)
Stlth    ++........             (no amulet)
HPRegen  0.21/turn              (no ring)
MPRegen  0.10/turn              (no ring)

@: no status effects
A: large, unfitting armour, repulsion field 1, thin skeletal structure 1, magic
resistance 1, sense surroundings 1, tough skin 1
a: no special abilities


You were on level 4 of the Dungeon.
You were not hungry.

You visited 1 branch of the dungeon, and saw 4 of its levels.

You collected 73 gold pieces.

Inventory:

Hand Weapons
 a - a +0 flail (weapon)
Missiles
 e - 6 poisoned darts (quivered)
Armour
 b - a +1 robe (worn)
 c - a +0 shield (worn)
Jewellery
 p - a +2 amulet of reflection {unknown}
Scrolls
 g - 2 scrolls of teleportation
 h - a scroll of remove curse
 q - a scroll of blinking {unknown}
 s - a scroll of enchant weapon {unknown}
Potions
 d - 2 potions of might
 i - a potion of resistance
 j - 2 potions of agility
 l - a potion of heal wounds {unknown}
 m - a potion of mutation
 n - a potion of flight {unknown}
 o - a potion of curing {unknown}
 r - 2 potions of lignification {unknown}
Comestibles
 f - 4 rations
 k - 3 chunks of flesh


   Skills:
 + Level 5.5 Fighting
 + Level 4.6 Maces & Flails
 + Level 1.8 Throwing
 - Level 2.6 Dodging
 - Level 2.6 Shields


You had 5 spell levels left.
You didn't know any spells.
Your spell library was empty.

Dungeon Overview and Level Annotations

Branches:
Dungeon (4/15)
 Temple: D:4-7

Altars:
Okawaru
Yredelemnul
Zin

Shops:
D:4 *


Innate Abilities, Weirdness & Mutations

You are too large for most types of armour.
You have tough skin. (AC +1)
You are surrounded by a mild repulsion field. (EV +2)
You have a somewhat thin skeletal structure. (Dex +2, Stealth)
You are resistant to hostile enchantments. (MR+)
You passively map a small area around you.


Message History

It was a potion of mutation.
You feel extremely strange.
You feel a strange attunement to the structure of the dungeons.
You feel resistant to hostile enchantments.
You begin to radiate repulsive energy.
Your bones become slightly less dense.
The hippogriff bites you.
* * * LOW HITPOINT WARNING * * *
You block the hippogriff's attack. The hippogriff completely misses you.
You aren't carrying any items that you can evoke.
Unknown command.
You closely miss the hippogriff.
The hippogriff is severely wounded.
The hippogriff bites you!
* * * LOW HITPOINT WARNING * * *
You block the hippogriff's attack. The hippogriff claws you.
* * * LOW HITPOINT WARNING * * *
You hit the hippogriff.
The hippogriff is severely wounded.
The hippogriff barely misses you. The hippogriff closely misses you.
You block the hippogriff's attack. x2; The hippogriff pecks you!
You die...

###..## #......#
, ##..## #......#
##..### ##......#
**, ##...##
#.......# *
##...####.......#
,
#....#.........#
##.............#
≈ ##............#
##......@####..#
, ### ##....#..H#
#### #.##
##...###..(#
##.####...##
#..(.# #..##..###
##.(.# ##.....#
#...# , ####..##
##... * ≈ #...#
#...* * * #...##
,


You could see a hippogriff.

Vanquished Creatures
  An orc priest (D:3)
  2 worker ants
  6 adders
  An adder skeleton (D:3)
  2 worms (D:3)
  3 dart slugs
  4 leopard geckos
  8 orcs
  4 bats
  5 giant cockroaches
  9 goblins
  8 hobgoblins
  11 jackals
  2 quokkas
  3 ball pythons
  6 frilled lizards
  8 kobolds
  11 rats
94 creatures vanquished.

Notes
Turn   | Place    | Note
-------+----------+-------------------------------------------
     0 | D:1      | Ijustatesigmund the Ogre Fighter began the quest for the
                  | Orb.
     0 | D:1      | Reached XP level 1. HP: 24/24 MP: 1/1
   159 | D:1      | Reached XP level 2. HP: 31/32 MP: 2/2
   747 | D:2      | Reached XP level 3. HP: 23/39 MP: 3/3
  1490 | D:2      | Reached XP level 4. HP: 48/48 MP: 4/4
  2388 | D:3      | Found a basalt altar of Yredelemnul.
  2445 | D:3      | Found a glowing silver altar of Zin.
  2685 | D:3      | Reached XP level 5. HP: 43/55 MP: 5/5
  2939 | D:3      | Reached skill level 5 in Fighting
  2948 | D:3      | Reached skill level 1 in Throwing
  3788 | D:3      | Found an iron altar of Okawaru.
  3991 | D:3      | Reached XP level 6. HP: 56/66 MP: 6/6
  4243 | D:4      | Found Acaehon's General Store.
  4311 | D:4      | Noticed a hippogriff
  4320 | D:4      | Gained mutation: You passively map a small area around you.
                  | [potion of mutation]
  4320 | D:4      | Gained mutation: You are resistant to hostile enchantments.
                  | (MR+) [potion of mutation]
  4320 | D:4      | Gained mutation: You are surrounded by a mild repulsion
                  | field. (EV +2) [potion of mutation]
  4320 | D:4      | Gained mutation: You have a somewhat thin skeletal
                  | structure. (Dex +2, Stealth) [potion of mutation]
  4321 | D:4      | HP: 1/66 [hippogriff (5)]
  4322 | D:4      | Mangled by a hippogriff

Levels and vault maps discovered:
D:1:      tarquinn_simple_flora_water_b, layout_loops_ring
D:2:      layout_loops_ring, chequers_serial_rivers_marsh
D:3:      minmay_bubble_buster, layout_loops_corners,
          nicolae_overflow_hidden_temple, zin_statuary,
          overflow_temple_1_default, first_ration
D:4:      layout_layer_cave, old_standard_altar, elyvilon_altar_3,
          minmay_temple_entry_fiery, serial_shops, shop

Skill      XL: |  1  2  3  4  5 |
---------------+----------------+-----
Maces & Flails | 2 3 4 |  4.6
Fighting       | 5 |  5.5
Throwing       | 1 |  1.8
Dodging        | |  2.6
Shields        | |  2.6

Action                   |  1- 3 |  4- 6 || total
-------------------------+-------+-------++-------
Melee: Flail             |   112 |   194 ||   306
Throw: Dart              |    10 |    52 ||    62
  Use: Scroll            |     6 |     4 ||    10
       Potion            |       |     1 ||     1
 Stab: Sleeping          |     1 |       ||     1
  Eat: Chunk             |     2 |     9 ||    11
Armor: Robe              |    50 |    34 ||    84
Dodge: Dodged            |    49 |    70 ||   119
Block: Shield            |    55 |    71 ||   126

Table legend:
 A = Non-vault XP
 B = Vault XP
 C = Vault XP percentage of total XP
 D = Non-vault monster count
 E = Vault monster count
 F = Vault count percentage of total count
                 A         B        C        D         E       F
            +---------+---------+-------+---------+---------+-------
      Total |     330 |      31 |   8.6 |      81 |      13 |  13.8
            +---------+---------+-------+---------+---------+-------
        D:1 |      26 |       0 |   0.0 |      15 |       0 |   0.0
        D:2 |      69 |       0 |   0.0 |      26 |       0 |   0.0
        D:3 |     195 |      31 |  13.7 |      37 |      13 |  26.0
        D:4 |      40 |       0 |   0.0 |       3 |       0 |   0.0
            +---------+---------+-------+---------+---------+-------
